[Event "Prague Festival Masters 2024"]
[Site "Prague"]
[Date "2024.03.02"]
[Round "5.2"]
[White "Praggnanandhaa R"]
[Black "Vidit, Santosh Gujrathi"]
[Result "1-0"]
[ECO "A29"]
[WhiteElo "2743"]
[BlackElo "2742"]
[Annotator "TA"]
[PlyCount "103"]
[EventDate "2024.02.22"]
[EventType "tourn"]
[EventCountry "CZE"]
[SourceTitle "playchess.com"]
[Source "ChessBase"]
[SourceQuality "1"]
[TimeControl "40/5400+30:1800+30"]

1. c4 e5 2. Nc3 Nf6 3. Nf3 Nc6 4. g3 d5 5. cxd5 Nxd5 6. Bg2 Bc5 7. d3 O-O 8. Bd2 Nf6 {[%emt 0:13:59] The position is equal.} 9. a3 h6 10. b4 Bd6 11. O-O a6 12. Bc1 Bf5 13. Bb2 Qd7 14. Na4 Bh3 15. Rc1 Rad8 16. Qc2 Rfe8 17. Rfd1 Bxg2 18. Kxg2 Qe6 19. e4 Rd7 20. Qc4 Qe7 21. Qb3 Red8 22. Re1 Qe8 $1 23. h3 Nh7 24. Nc3 Ng5 25. Nxg5 Nd4 {[%emt 0:01:11] Against Nf3} 26. Qd1 hxg5 27. Nd5 Ne6 28. Qg4 Bf8 29. h4 c6 30. Nb6 (30. hxg5 $5 cxd5 31. Rh1 Nxg5 32. Qxg5 $14) 30... Rxd3 31. hxg5 {[%emt 0:00:05][%cal Oe1h1] Strongly threatening Rh1!} Be7 32. g6 Bg5 33. gxf7+ Qxf7 {[%emt 0:00:02] Hoping for ...Rd2.} 34. Rcd1 {[%emt 0:01:44] next Rxd3 is good for White.} Bd2 (34... Rf8 $11 35. Qf5 (35. Rxd3 $2 {too greedy.} Qxf2+ 36. Kh3 Rf6 $19) 35... Qxf5 36. exf5 Rxd1 37. Rxd1 Rxf5) 35. Re2 {[%emt 0:03:31][%cal Ob6c4] Threatens to win with Nc4!} Bc3 36. Rxd3 Rxd3 37. Nc4 Qf6 38. Bxc3 Rxc3 39. Ne3 Rxa3 40. Rd2 {[%emt 0:01:22] Against Rd3} Nd4 41. Nf5 a5 ({Better is} 41... Ra1 $11) 42. Nxd4 $1 $14 exd4 {[%emt 0:00:10][%mdl 4096] Endgame. [#] KQR-KQR} 43. e5 $1 Qxe5 44. Rxd4 {[%emt 0:01:00] Re4 is the strong threat.} axb4 $2 {[%emt 0:01:58][%mdl 8192] [#] This costs Black the game.} (44... Rb3 $16) 45. Re4 $1 $18 Qd5 {[%emt 0:05:35] [#] aiming for ...Ra8.} 46. Kh2 $1 {[%emt 0:01:09] Qc8+ would kill now.} Ra2 47. Qc8+ {[%emt 0:01:25] White mates.} Kh7 48. Rh4+ Kg6 49. Qe8+ Kg5 50. Qe7+ (50. Rxb4 $2 {gets mated.} Rxf2+ 51. Kh3 Qh1#) 50... Kf5 51. Rf4+ (51. Qxb7 $2 {is a self mate.} Rxf2+ 52. Kh3 Qh1#) 51... Kg6 52. Rg4+ {[%emt 0:00:05] Weighted Error Value: White=0.05 (flawless) /Black=0.39.  Loses game:     	---       	Black=1      Mistake:       	---       	Black=2      Inaccurate:     	White=4     	Black=2      OK:         	White=23    	Black=16     Best:        	White=1     	Black=2      Strong:       	White=3     	Black=1      Brilliant:      	White=1     	---} 1-0

[Event "Prague Festival Masters 2024"]
[Site "Prague"]
[Date "2024.03.02"]
[Round "5.3"]
[White "Bartel, Mateusz"]
[Black "Abdusattorov, Nodirbek"]
[Result "0-1"]
[ECO "B72"]
[WhiteElo "2657"]
[BlackElo "2727"]
[Annotator "TA"]
[PlyCount "56"]
[EventDate "2024.02.22"]
[EventType "tourn"]
[EventCountry "CZE"]
[SourceTitle "playchess.com"]
[Source "ChessBase"]
[SourceQuality "1"]
[TimeControl "40/5400+30:1800+30"]

1. e4 c5 2. Nf3 Nc6 3. Nc3 g6 4. d4 cxd4 5. Nxd4 Bg7 6. Be3 Nf6 7. Bc4 O-O 8. Bb3 d6 9. h3 Bd7 10. O-O Na5 11. Qd3 a6 12. Rfe1 Rc8 13. Rad1 {[%emt 0:00:12] The position is equal.} b5 14. Bg5 Re8 15. Nd5 Nxd5 16. exd5 Nc4 17. Bxc4 bxc4 18. Qe3 Qa5 19. Qe4 Qxa2 20. Qh4 (20. Rb1 $142) 20... Qxb2 $17 21. Bxe7 h6 22. Qf4 {[%emt 0:05:07] [#]} Ba4 $1 23. Nc6 Bxc6 (23... Bxc2 24. Rc1 Ba4 25. Bxd6 $11) 24. dxc6 Rxc6 25. Bxd6 $2 (25. Re2 {was necessary.}) 25... Rxe1+ $19 26. Rxe1 {[%emt 0:00:03] [#] Hoping for Re8+.} Qxc2 27. g4 Rc8 {[%emt 0:00:11] Prevents Re8+.} 28. Qf3 Qb3 {[%emt 0:01:35] Weighted Error Value: White=0.39/Black=0.02 (flawless) .  Mistake:       	White=2     	---        Inaccurate:     	White=1     	---        OK:         	White=1     	Black=8      Best:        	---       	Black=5      Strong:       	---       	Black=1} 0-1

[Event "Prague Festival Masters 2024"]
[Site "Prague"]
[Date "2024.03.02"]
[Round "5.4"]
[White "Gukesh D"]
[Black "Navara, David"]
[Result "0-1"]
[ECO "A25"]
[WhiteElo "2725"]
[BlackElo "2679"]
[Annotator "TA"]
[PlyCount "122"]
[EventDate "2024.02.22"]
[EventType "tourn"]
[EventCountry "CZE"]
[SourceTitle "playchess.com"]
[Source "ChessBase"]
[SourceQuality "1"]
[TimeControl "40/5400+30:1800+30"]

1. c4 Nf6 2. Nc3 e5 3. e3 Nc6 4. Qb3 b6 5. Nf3 $146 ({Predecessor:} 5. Bd3 Nb4 6. Be2 Bb7 7. Bf3 Nd3+ 8. Kf1 e4 9. Bxe4 Nxe4 10. Nxe4 Bxe4 11. f3 {0-1 Nilsson,B (810)-Werhan,M (1192) IECC CL7-2020.03 email}) 5... Bb7 6. a3 {[%emt 0:14:58] A25: English Opening vs King's Indian with ...Nc6 but without early d3.} e4 7. Ng5 Qe7 8. Qc2 O-O-O 9. Ngxe4 Nd4 10. Qd3 Bxe4 11. Nxe4 Qxe4 12. Qxe4 Nxe4 13. exd4 Re8 14. Be2 g6 15. d3 Nd6 16. d5 Nf5 17. Kf1 Bg7 18. Rb1 h5 19. Bd2 Re7 20. h4 Rhe8 21. Bd1 c5 22. g4 hxg4 23. Bxg4 Bh6 24. Bc3 Nd4 25. b4 f5 26. Bd1 Ne2 (26... Bf4 $16) 27. Bxe2 $18 Rxe2 28. bxc5 bxc5 29. Rb5 Bf8 {[%emt 0:01:26] [#]} 30. Rb2 $1 Rxb2 31. Bxb2 Kc7 32. Rg1 ({White should try} 32. Bc3 $18 {aiming for Rg1.} Rb8 33. Ke2) 32... Rb8 $16 33. Bc3 (33. Bf6 $16 Rb1+ 34. Kg2 Rxg1+ 35. Kxg1) 33... Rb1+ $11 34. Be1 Bg7 $1 35. Kg2 (35. Rxg6 $2 Bc3 36. h5 (36. d6+ $2 Kc6 $19) 36... Rxe1+ 37. Kg2 Bd4 $19) (35. Ke2 $5 Bc3 $8 36. f4 $11) 35... Kb7 36. Bd2 Rxg1+ $1 37. Kxg1 Bb2 $1 38. a4 Bf6 39. Be3 Kb6 40. Kg2 Bxh4 41. d4 cxd4 $1 42. Bxd4+ Ka5 43. c5 $1 Be7 (43... Kxa4 44. c6 Bd8 45. Be5 $18 (45. Bxa7 dxc6 46. dxc6 Kb5 $15) (45. cxd7 Kb5 $15)) 44. d6 Bd8 45. c6 $1 dxc6 46. Bxa7 Kxa4 47. Bb8 $1 Bb6 48. Kf3 $2 {[%emt 0:04:12][%mdl 8192] [#]} (48. Kg3 $11) 48... g5 $1 $19 49. d7 Kb5 50. Be5 Bd8 51. Ke3 Kc5 52. Kd3 Kd5 53. Bc3 Ke6 54. f3 Kxd7 55. Bd2 Ke6 56. Kc4 Be7 57. Kd4 c5+ 58. Kc4 Ke5 59. Be3 g4 60. fxg4 fxg4 61. Kd3 Kd5 0-1

[Event "Prague Festival Masters 2024"]
[Site "Prague"]
[Date "2024.03.02"]
[Round "5.5"]
[White "Maghsoodloo, Parham"]
[Black "Rapport, Richard"]
[Result "1/2-1/2"]
[ECO "A41"]
[WhiteElo "2740"]
[BlackElo "2717"]
[Annotator "TA"]
[PlyCount "193"]
[EventDate "2024.02.22"]
[EventType "tourn"]
[EventCountry "CZE"]
[SourceTitle "playchess.com"]
[Source "ChessBase"]
[SourceQuality "1"]
[TimeControl "40/5400+30:1800+30"]

1. c4 e5 2. Nc3 d6 3. e3 g6 4. d4 Nd7 5. Bd3 Bg7 6. Nge2 a5 7. O-O Ngf6 8. b3 {[%emt 0:19:16] White is slightly better.} O-O 9. f3 Re8 10. Rb1 b6 11. Bc2 c6 12. Rf2 Ba6 13. a4 (13. d5 $11) 13... d5 14. cxd5 Nxd5 15. Nxd5 cxd5 16. dxe5 Nxe5 (16... Rxe5 17. Nf4 $11) 17. Nf4 (17. Bb2 $15) 17... d4 $1 $17 18. exd4 {[%emt 0:17:03] [#]} (18. Be4 $17 Ng4 19. Bxa8 Nxf2 20. Kxf2 Qxa8 (20... dxe3+ $2 21. Bxe3 Qh4+ 22. g3 $17) 21. e4) 18... Nxf3+ $1 $19 19. gxf3 Bxd4 20. Qd2 Rc8 21. Be4 Rc5 (21... Bxf2+ 22. Kxf2 Qh4+ 23. Kg2 Rxe4 (23... Qg5+ 24. Kh1 $15) 24. fxe4) 22. Ba3 Qg5+ (22... Bxf2+ 23. Qxf2 Rg5+ 24. Ng2 $16) 23. Kh1 Bxf2 24. Qxf2 Qxf4 25. Bxc5 bxc5 26. Re1 Re5 27. Bc6 Qd4 28. Qg3 Be2 29. f4 Re3 30. Qf2 Re6 $1 (30... Rxb3 $2 31. Qxd4 (31. Qxe2 Qxf4 32. Rf1 Re3 $16) (31. Rxe2 Qd6 $14) 31... cxd4 32. Rxe2 $18) 31. Kg2 Qd2 32. Kg1 Rxc6 33. Qxe2 {[%emt 0:00:13][%mdl 4096] Endgame. KQR-KQR} Qd4+ (33... Qxf4 $2 {perishes.} 34. Qe8+ Kg7 35. Qxc6 $18) 34. Qe3 Rd6 (34... Rb6 $19 35. Qxd4 cxd4) 35. Kg2 (35. Qxd4 $17 Rxd4 (35... cxd4 36. Kf2 $17) 36. Re8+ Kg7 37. Rc8) 35... Qd5+ 36. Qf3 (36. Kg1 $142) 36... Qxf3+ 37. Kxf3 {[%emt 0:00:05] KR-KR} Rb6 (37... Rd3+ $1 $19 38. Kg2 Rxb3 39. Re8+ Kg7) 38. Re3 $17 f5 39. Rc3 Kg7 (39... Rb4 $5) 40. Kf2 (40. Ke2 $1 $11) 40... Rc6 41. Ke2 Kf6 42. Kd3 g5 43. fxg5+ Kxg5 44. Ke3 Re6+ (44... h5 $17) 45. Kf3 (45. Kf2 $1 $11 {remains equal.}) 45... Re5 46. Rd3 f4 47. Kf2 Kg4 {[%emt 0:01:16][%cal Oe5e3] ...Re3! is the strong threat.} 48. Rd7 (48. h3+ $17 {was worth a try.} Kf5 49. Kf3) 48... Rh5 $1 $19 49. Kg2 f3+ 50. Kg1 Kf4 $1 51. Re7 $2 (51. Ra7 {was called for.} Ke3 52. Re7+ Kf4 53. Ra7) 51... Rh6 $2 (51... h6 $19 {Threatens to win with ...Re5.} 52. Re6 Rg5+ 53. Kf1 h5 54. Rf6+ Ke3 55. Re6+ Kf4 56. Rf6+ Rf5) 52. Rc7 $11 Rh5 $2 (52... Rg6+ $11 53. Kf1 Rg5) 53. Re7 $1 $19 h6 54. Re6 $2 (54. Rh7) 54... Rg5+ 55. Kf1 h5 56. Rf6+ Ke4 57. Rc6 Rd5 58. Ke1 {[%emt 0:00:03] Dodges Rd1+} (58. Re6+ {was forced.} Re5 59. Rf6) 58... Ke3 59. Re6+ Kf4 60. Rc6 $2 (60. Rf6+ Ke4 61. Re6+ Re5 62. Rf6) 60... Re5+ 61. Kf1 Ke3 62. Rd6 {[%emt 0:01:00] [#]} h4 $1 63. Rd1 (63. h3 $142) 63... Re4 {[%emt 0:00:50] Strongly threatening ...Rb4.} 64. Rd5 c4 $2 ({Better is} 64... h3 $19 {And now ...Rd4 would win.} 65. Rd8 Rb4 66. Re8+ Kd4 67. Rd8+ Kc3) 65. bxc4 $11 Rxc4 66. Re5+ Kf4 67. Rxa5 Rc1+ 68. Kf2 Rc2+ 69. Kg1 Rc1+ (69... Ke3 $5 70. Re5+ $8 Kf4 $11) 70. Kf2 Rh1 (70... Ra1 $11) 71. Ra8 $17 Rxh2+ 72. Kf1 {[%emt 0:00:10] [#]} Ra2 (72... h3 $1 $17 {( -> ...Ra2)} 73. Rf8+ Ke3 74. Re8+ Kd3) 73. Rf8+ $1 $11 {[%emt 0:00:05] The position is equal.} Kg4 (73... Ke3 $5 74. Re8+ $8 Kd4 75. Rd8+ Ke4 76. Re8+ Kf4 77. Rf8+ Ke4 (77... Kg3 78. Rg8+ Kf4 79. Rf8+ $11) 78. Re8+ Kf5 79. Rf8+ Kg6 80. Rxf3 Kg5 $11) 74. Rg8+ Kf4 75. Rf8+ $1 Kg3 (75... Ke3 $5 76. Re8+ $8 Kf4 77. Rf8+ $11) 76. Rg8+ Kh3 (76... Kf4 $5 77. Rf8+ $8 $11) 77. Rf8 Kg4 78. Rg8+ Kh5 (78... Kf4 $5 79. Rf8+ $8 $11) 79. Rh8+ $1 Kg5 (79... Kg4 $5 80. Rg8+ $8 $11) 80. Rg8+ Kf5 (80... Kf4 $5 81. Rf8+ $8 $11) 81. Rf8+ Ke4 (81... Kg4 $5 82. Rg8+ $8 $11) 82. Re8+ $1 Kd4 83. Rd8+ $1 Kc5 (83... Ke3 $5 84. Re8+ $8 Kd4 85. Rd8+ Ke3 86. Re8+ Kd4 $11) 84. Rc8+ Kd6 (84... Kd4 $5 85. Rd8+ $8 Ke3 86. Re8+ Kf4 87. Rf8+ $11) 85. Rd8+ Ke7 86. Rh8 $1 Rxa4 87. Kf2 Rf4 88. Rh6 Kf7 89. Ra6 Kg7 90. Rb6 h3 91. Rb1 h2 92. Rh1 Rh4 93. Kxf3 Rh6 94. Kg3 Rg6+ 95. Kxh2 Rh6+ 96. Kg2 Rxh1 97. Kxh1 {[%emt 0:00:02] Whites escaped into a draw.   Weighted Error Value: White=0.45/Black=0.29 (precise) .  Loses game:     	White=1     	---        Missed win:     	---       	Black=1      Mistake:       	White=12    	Black=6      Inaccurate:     	White=3     	Black=6      OK:         	White=24    	Black=22     Best:        	White=15    	Black=9      Strong:       	White=7     	Black=4      Brilliant:      	---       	Black=1} 1/2-1/2

[Event "Prague Festival Masters 2024"]
[Site "Prague"]
[Date "2024.03.04"]
[Round "6.1"]
[White "Gukesh D"]
[Black "Bartel, Mateusz"]
[Result "0-1"]
[ECO "D35"]
[WhiteElo "2725"]
[BlackElo "2657"]
[Annotator "TA"]
[PlyCount "80"]
[EventDate "2024.02.22"]
[EventType "tourn"]
[EventCountry "CZE"]
[SourceTitle "playchess.com"]
[Source "ChessBase"]
[SourceQuality "1"]
[TimeControl "40/5400+30:1800+30"]

1. d4 d5 2. c4 e6 3. Nf3 Nf6 4. Nc3 Be7 5. cxd5 exd5 6. h3 Nbd7 7. Bf4 Nf8 8. e3 {[%emt 0:01:35] White has an edge.} Ng6 9. Bh2 Bd6 10. Ne5 ({White should play} 10. Bd3 $14) 10... c6 11. Bd3 Bxe5 12. dxe5 Nd7 13. f4 (13. Bxg6 {simplifies} hxg6 14. O-O g5 15. Bg3) 13... Qh4+ $1 14. Kd2 Nc5 15. Bc2 O-O 16. Kc1 $132 {[%emt 0:21:07][%mdl 2048] White is not holding back} Rd8 17. Qf3 f5 18. exf6 (18. Bg3 $11 Qh6 19. Rd1) 18... Qxf6 $15 19. g4 {[%emt 0:04:16] Wards off Bf5} (19. Qh5 $142) 19... b5 {[%emt 0:03:09] Black is more active.} (19... Ne5 $1 $17 20. Qd1 Nc4) 20. Rd1 {[%emt 0:10:28] [#]} (20. Qg3 $15) 20... b4 (20... Ne5 $1 $17 21. Qf2 b4) 21. Ne2 $2 {[%emt 0:00:36] [#] This move loses the game for White.} (21. Na4 $1 $15 Nxa4 22. Bxa4) 21... Ne5 $1 $19 22. Qg3 Nc4 23. Nd4 Re8 24. g5 Qd6 25. Bg1 (25. f5 $142 Qxg3 26. Bxg3) 25... Ne4 {[%emt 0:01:05] A dynamic duo of knights.} 26. Qg2 a5 27. b3 Na3 28. Bxe4 Rxe4 29. Kb2 a4 ({Weaker is} 29... c5 30. Ne2 Bf5 31. Ng3 $17) 30. Rac1 c5 31. Nc2 (31. Nb5 $142 Nxb5 32. Qxe4 a3+ (32... dxe4 $2 33. Rxd6 a3+ 34. Kb1 $19) 33. Kb1 dxe4 34. Rxd6 Nxd6 35. Rxc5) 31... Bf5 {[%emt 0:03:39] ...Qa6 would now be deadly.} 32. Nxa3 axb3 ({Less strong is} 32... bxa3+ 33. Ka1 $17) 33. axb3 Qa6 34. Ra1 bxa3+ 35. Ka2 {[%emt 0:00:01] White is weak on the light squares} c4 {[%emt 0:00:42] ( -> ...cxb3+)} 36. Rab1 {[%emt 0:01:56] [#]} d4 $1 37. b4 (37. Re1 Rc8) 37... c3 38. b5 Qa4 {[%emt 0:00:08] Black mates.} 39. Rdc1 Qc4+ 40. Rb3 Be6 {[%emt 0:00:15] Weighted Error Value: White=0.88/Black=0.17 (very precise) .  Loses game:     	White=1     	---        Mistake:       	White=6     	Black=2      Inaccurate:     	White=2     	---        OK:         	White=7     	Black=10     Best:        	White=2     	---        Strong:       	---       	Black=1} 0-1

[Event "Prague Festival Masters 2024"]
[Site "Prague"]
[Date "2024.03.04"]
[Round "6.2"]
[White "Vidit, Santosh Gujrathi"]
[Black "Keymer, Vincent"]
[Result "0-1"]
[ECO "A29"]
[WhiteElo "2742"]
[BlackElo "2743"]
[Annotator "TA"]
[PlyCount "68"]
[EventDate "2024.02.22"]
[EventType "tourn"]
[EventCountry "CZE"]
[SourceTitle "playchess.com"]
[Source "ChessBase"]
[SourceQuality "1"]
[TimeControl "40/5400+30:1800+30"]

1. c4 Nf6 2. Nc3 e5 3. Nf3 Nc6 4. g3 Bb4 5. Bg2 O-O 6. O-O e4 7. Ng5 Bxc3 8. bxc3 Re8 9. Qc2 Qe7 10. d3 exd3 11. exd3 d6 {[%emt 0:00:36] The position is equal.} 12. Nf3 h6 13. h3 Be6 14. Nd4 Nxd4 15. cxd4 d5 16. c5 Nh7 17. Rb1 b6 18. Bf4 Nf8 19. Rfe1 Qd7 20. c6 Qd8 21. h4 g5 22. hxg5 hxg5 23. Bd2 f6 (23... Ng6 $11 {keeps the balance.}) 24. f4 $16 g4 {[%emt 0:07:33] [#]} 25. f5 $1 Bxf5 26. Rxe8 Qxe8 27. Bxd5+ Be6 (27... Kg7 $14) 28. Re1 $18 Bxd5 29. Rxe8 Rxe8 30. Qd1 {[%emt 0:04:07] Wards off Re2} f5 (30... Bf3 31. Qb3+ Kg7) 31. Qf1 Bf3 {[%emt 0:00:21] [#]} 32. d5 $1 Re7 {[%emt 0:03:15][%cal Oe7h7] ...Rh7! is the strong threat.} (32... Kf7 33. Qc1) 33. Bb4 $4 {[%emt 0:01:33][%mdl 8192] [#]} (33. Qa1 $18 {avoids the disaster.}) 33... Rh7 $1 $19 34. Kf2 {[%emt 0:12:19] And now Qc1 would win.} Rh1 {[%emt 0:00:06] What a bad dream for White.   Weighted Error Value: White=0.34/Black=0.34.  Missed win:     	White=1     	---        Mistake:       	---       	Black=3      Inaccurate:     	White=1     	Black=2      OK:         	White=14    	Black=11     Best:        	White=3     	Black=2      Strong:       	---       	Black=1} (34... Bxd5 35. Qa1 (35. Ke3 Bf3 $18) 35... Rh2+ 36. Ke3 f4+ 37. Kxf4 Ne6+ 38. Kxg4 $16) 0-1

[Event "Prague Festival Masters 2024"]
[Site "Prague"]
[Date "2024.03.04"]
[Round "6.3"]
[White "Nguyen, Thai Dai Van"]
[Black "Maghsoodloo, Parham"]
[Result "1-0"]
[ECO "E36"]
[WhiteElo "2632"]
[BlackElo "2740"]
[Annotator "TA"]
[PlyCount "63"]
[EventDate "2024.02.22"]
[EventType "tourn"]
[EventCountry "CZE"]
[SourceTitle "playchess.com"]
[Source "ChessBase"]
[SourceQuality "1"]
[TimeControl "40/5400+30:1800+30"]

1. d4 Nf6 2. c4 e6 3. Nc3 Bb4 4. Qc2 d5 5. a3 Bxc3+ 6. Qxc3 dxc4 7. Qxc4 b6 8. Nf3 Ba6 9. Qa4+ Qd7 {[%emt 0:00:07] The position is equal.} 10. Qc2 O-O 11. Bg5 c5 12. Bxf6 gxf6 13. dxc5 Rc8 14. Rd1 Qb7 (14... Rxc5 15. Qe4 Qc7 16. Qxa8 $16) (14... Qe7 $11) 15. h4 $1 $16 Nd7 16. Qd2 {[%emt 0:01:11] White is more active.} Nxc5 17. Qh6 Ne4 $2 (17... Rd8 $16 {is a better defense.} 18. Nd4 (18. Qxf6 $2 Rxd1+ 19. Kxd1 Ne4 $19) (18. Rxd8+ Rxd8 19. Qxf6 Qc7 $17) 18... Nd3+ 19. exd3 Rxd4) 18. Rh3 $18 {[%emt 0:05:02] Black must now prevent Nd2.} Rc5 (18... Rc2 $2 19. Nd2 Rxd2 (19... Rxb2 $2 20. Nxe4 Qxe4 21. Rg3+ $18) 20. Rxd2 $18) 19. Nd4 (19. Nh2 $142 {aiming for f3.} Qe7 20. f3) 19... Qc7 20. f3 Ng3 21. b4 (21. Qxf6 $6 Nh5 22. Qh6 Kh8 $16) (21. Kf2 $18 Nh5 22. b4) 21... Rh5 $16 22. Qxf6 {[%emt 0:00:59][%cal Od4e6] Nxe6! would now be deadly.} Qc3+ $2 (22... Rd5 $16) 23. Kf2 $18 Nf5 24. f4 Nd6 25. Kg1 $2 $40 {[%emt 0:00:13][%mdl 128] White has strong attack.} ({Weaker is} 25. Rxc3 Ne4+ 26. Kg1 Nxf6 $16) (25. Rg3+ $2 Qxg3+ 26. Kxg3 Ne4+ 27. Kh3 Nxf6 $19) (25. Re3) 25... Ne4 {[%emt 0:00:08] [#] Strongly threatening ...Qxh3.} 26. Qe7 $1 ({Resist} 26. Rxc3 $6 Nxf6 27. Rdc1 e5 28. fxe5 Rxe5) 26... Qc8 {[%emt 0:00:28] [#]} 27. b5 $1 Bxb5 28. Re3 Ba4 $2 (28... Rd5) 29. Rdd3 Qc5 {[%emt 0:00:56] [#]} 30. Rg3+ $1 {[%emt 0:00:58] White is clearly winning.} Kh8 (30... Nxg3 $2 {perishes.} 31. Rxg3+) (30... Rg5 $142 31. Rxg5+ Nxg5 32. Qxg5+ Qxg5 33. hxg5 Re8) 31. Qxf7 Rg5 {[%emt 0:01:25] Inhibits Qg7+.} 32. Rxg5 {[%emt 0:00:14] Weighted Error Value: White=0.39/Black=0.56.  Loses game:     	---       	Black=2      Mistake:       	White=2     	Black=3      Inaccurate:     	---       	Black=1      OK:         	White=9     	Black=6      Best:        	White=5     	Black=4      Strong:       	White=2     	---} 1-0

[Event "Prague Festival Masters 2024"]
[Site "Prague"]
[Date "2024.03.04"]
[Round "6.4"]
[White "Navara, David"]
[Black "Rapport, Richard"]
[Result "1/2-1/2"]
[ECO "E97"]
[WhiteElo "2679"]
[BlackElo "2717"]
[Annotator "TA"]
[PlyCount "93"]
[EventDate "2024.02.22"]
[EventType "tourn"]
[EventCountry "CZE"]
[SourceTitle "playchess.com"]
[Source "ChessBase"]
[SourceQuality "1"]
[TimeControl "40/5400+30:1800+30"]

1. d4 Nf6 2. c4 g6 3. Nc3 Bg7 4. e4 d6 5. Nf3 O-O 6. Be2 e5 7. O-O Nc6 8. d5 Ne7 9. b4 a5 10. Ba3 b6 11. bxa5 Ne8 12. Nb5 Rxa5 13. Bb4 Ra8 14. a4 f5 15. Nd2 Bd7 16. a5 bxa5 17. Bxa5 fxe4 $1 18. Nxe4 {[%emt 0:01:02] [#]} Rxa5 $1 19. Rxa5 {[%emt 0:00:16] aiming for Bg4.} c6 $1 20. dxc6 (20. Qa4 $11 {keeps the balance.} cxb5 21. cxb5) 20... Bxc6 $17 (20... Qxa5 $2 {perishes.} 21. cxd7 d5 22. dxe8=R $18 (22. dxe8=B dxe4 23. Qd7 Nf5 $18) (22. dxe8=Q Rxe8 23. cxd5 Nf5 $18)) 21. Ra4 Bxe4 22. c5 {[%emt 0:00:06][%cal Rc5d6] [#]} Bc6 $1 23. Nxd6 Nxd6 (23... Bxa4 $2 {too greedy.} 24. Bc4+ $18) 24. cxd6 Nf5 ({Don't play} 24... Bxa4 $6 25. dxe7 Qxe7 26. Qxa4 $11) 25. Bb5 Bxb5 {[%emt 0:07:27] A strong pair of Bishops.} 26. Qd5+ Kh8 27. Qxb5 Qxd6 28. Qb7 Qd8 29. Qe4 h5 30. Rfa1 Kh7 31. Ra8 Qd4 32. Qxd4 exd4 33. Rxf8 Bxf8 34. Kf1 Kh6 35. Ke2 Kg5 36. Kd3 Kf4 37. h3 ({White should try} 37. g3+ $11 Kg5 38. h3) 37... h4 $1 $15 38. Re1 Bd6 (38... Bb4 $15 39. Re6 Kg5) 39. g3+ $11 {[%emt 0:13:18] The position is equal.} Kf3 40. Re6 hxg3 (40... Bxg3 {seems wilder.} 41. fxg3 hxg3 42. Rxg6 g2) 41. fxg3 Bxg3 {[%emt 0:05:31] ...Nh4 is the strong threat.} 42. Rxg6 Bf2 43. Rg4 Be3 44. Re4 Kg3 45. h4 Nxh4 46. Rxe3+ dxe3 47. Kxe3 {[%emt 0:00:00] Weighted Error Value: White=0.09 (flawless) /Black=0.07 (flawless) .  Mistake:       	White=2     	Black=1      Inaccurate:     	White=1     	Black=2      OK:         	White=18    	Black=7      Best:        	White=2     	Black=2      Strong:       	---       	Black=4      Brilliant:      	---       	Black=1} 1/2-1/2

[Event "Prague Festival Masters 2024"]
[Site "Prague"]
[Date "2024.03.04"]
[Round "6.5"]
[White "Abdusattorov, Nodirbek"]
[Black "Praggnanandhaa R"]
[Result "0-1"]
[ECO "C60"]
[WhiteElo "2727"]
[BlackElo "2743"]
[Annotator "TA"]
[PlyCount "112"]
[EventDate "2024.02.22"]
[EventType "tourn"]
[EventCountry "CZE"]
[SourceTitle "playchess.com"]
[Source "ChessBase"]
[SourceQuality "1"]
[TimeControl "40/5400+30:1800+30"]

1. e4 e5 2. Nf3 Nc6 3. Bb5 a6 4. Ba4 Nge7 5. O-O Ng6 6. c3 {[%emt 0:02:49] C60: Ruy Lopez: Unusual Black 3rd moves and 3...g6.} d5 7. exd5 Qxd5 8. Bb3 Qd3 9. Bc2 Qd6 10. Re1 Be6 $5 $146 {[%emt 0:12:15][%mdl 8] New and interesting.} ({Predecessor:} 10... Be7 11. h3 Be6 12. d3 O-O 13. Nbd2 f5 14. Nc4 Bxc4 15. dxc4 e4 16. Qxd6 Bxd6 {1-0 Kamsky,G (2661)-Sadhwani,R (2619) Titled Tuesday intern op 17th May Early blitz 2022 (8)}) 11. d4 Be7 12. Be3 exd4 13. Nxd4 Nxd4 14. Bxd4 O-O 15. Nd2 c5 16. Be3 Qc7 17. Qh5 Rad8 18. g3 Rd5 19. Qe2 b5 (19... Re8 $11) 20. f4 $16 Qc8 21. Be4 Rdd8 22. a4 Bg4 23. Qf2 Bf5 24. axb5 axb5 25. Bg2 Bh3 26. Bh1 b4 27. c4 Bf6 (27... Bf5 $142) 28. Ra8 (28. Bxc5 $2 {perishes.} Rxd2 29. Qe3 Rd3 $19 (29... Rxb2 $2 30. Bxf8 Nxf8 31. Ra8 $19)) 28... Qd7 29. Rxd8 Rxd8 30. Ne4 Qd3 31. Bxc5 Qxc4 32. Nd6 (32. Nxf6+ gxf6 33. Bb6 Rd7 $11) (32. Bf3 $16) 32... Qb3 $11 33. Bf3 h6 (33... Nf8 {simplifies} 34. Be2 Be6 35. Bd1 Qxb2 36. Qxb2 Bxb2 37. Bxb4 Bd4+) 34. Bh5 (34. Be2 $11 {remains equal.} Qxb2 (34... Bxb2 $2 {loses.} 35. Bc4 $18) 35. Bc4) 34... Qd5 ({Black should play} 34... Bxb2 $17 {And now ...Bc3 would win.} 35. Rb1 Qc3) 35. Bf3 $11 Qb3 36. Re2 $2 {[%emt 0:02:38][%mdl 8192] [#]} (36. Bh5 $11 {and White is okay.}) 36... Rxd6 $1 $19 37. Re8+ (37. Bxd6 $142 Qd1+ 38. Re1 Qxd6 39. Rd1) 37... Kh7 $19 38. Bxd6 Bd4 $1 39. Qxd4 Qxf3 40. Qf2 Qd1+ 41. Re1 Qxd6 42. Qe3 Be6 43. Re2 Ne7 44. Qe5 Qb6+ 45. Qe3 Qxe3+ (45... Qa6 $142 46. Re1 Nf5) 46. Rxe3 $19 b3 47. Kf2 g6 48. g4 Kg7 49. h3 {[%emt 0:02:27] [#]} Kf6 $1 50. Re4 h5 51. Kg3 $2 (51. Rb4 $17) 51... Nd5 $19 52. Kh4 $2 (52. Re1) 52... hxg4 $19 53. hxg4 Kg7 54. g5 (54. Rd4 $142 Ne3 55. Kg3) 54... Bf5 $19 55. Rc4 Bc2 56. Kg3 Ne3 0-1